AoeStats
← francoishurdebise

Glade

510586648Analyzed
1v1 RM · 20h ago on Oct 1, 2026· 17m 46s· 2 players
Game mode
Random Map
Map size
Tiny (2 player)
Population
200
Speed
Normal
Resources
Standard
Victory
Conquest
Starting age
Dark Age
Ending age
Imperial Age
RankedLock teamsTeams togetherTeam positionsShared explorationLock speedFull tech treeHidden civsTurbo modeCheats
Victory
Defeat
🇺🇸 Italians · United States
159
+26
🇧🇪 Franks · Belgium
425
-42
dizzygreenman
10:37 Feudal Age
12:17 Wheelbarrow
11:48 Loom
15:00 Double-Bit Axe
17:22 Arson
francoishurdebise
14:07 Feudal Age
14:51 Town Watch
15:43 Wheelbarrow
15:01 Double-Bit Axe
15:10 Stone Mining
15:12 Gold Mining
Connection lost

Rejoining the realm…

Still unreachable

The connection could not be restored.

Session expired

The server has moved on; the page needs a fresh start.